[Event "GER-ch Youth-U10 2022"]
[Site "Willingen"]
[Date "2022.06.10"]
[Round "9.3"]
[White "Dotschuweit, Erik"]
[Black "Rodriguez Klasen, Ennio"]
[Result "0-1"]
[ECO "B03"]
[WhiteElo "1323"]
[BlackElo "1315"]
[Annotator "NA RC COMBH"]
[PlyCount "34"]
[EventDate "2022.06.05"]
[EventType "swiss"]
[EventRounds "11"]
[EventCountry "GER"]
[SourceTitle "playchess.com"]
[Source "ChessBase"]
[SourceQuality "1"]
[TimeControl "40/4500+30:900+30"]

1. e4 Nf6 2. e5 Nd5 3. c4 Nb6 4. d4 d6 5. exd6 cxd6 6. Nc3 g6 7. Be3 Bg7 8. Rc1 O-O 9. b3 f5 10. Bg5 h6 11. Bd2 e5 12. d5 g5 13. Qh5 Bd7 14. Nf3 Qf6 15. h4 g4 16. Bg5 Qf7 17. Qxf7+ Rxf7 0-1

[Event "GER-ch Youth-U10 2022"]
[Site "Willingen"]
[Date "2022.06.10"]
[Round "9.4"]
[White "Fischer, Quirin"]
[Black "Campora, Daniel H."]
[Result "0-1"]
[ECO "B21"]
[WhiteElo "1195"]
[BlackElo "2397"]
[Annotator "TA"]
[PlyCount "110"]
[EventDate "2022.06.05"]
[EventType "swiss"]
[EventRounds "11"]
[EventCountry "GER"]
[SourceTitle "playchess.com"]
[Source "ChessBase"]
[SourceQuality "1"]
[TimeControl "40/4500+30:900+30"]

1. e4 c5 2. d4 cxd4 3. c3 d3 4. Bxd3 Nc6 5. Nf3 d6 6. Bf4 {[%emt 0:00:29] B21: Sicilian: 2 f4 and Morra Gambit.} Bg4 7. Nbd2 Nf6 8. O-O {[%emt 0:00:16] White is slightly better.} (8. Nc4 {looks sharper.} e6 9. Bc2 d5 10. exd5 Qxd5 11. Qe2) 8... g6 9. h3 {[%emt 0:00:13] [#]} Bxf3 $146 ({Predecessor:} 9... Be6 10. e5 dxe5 11. Bb5 exf4 12. Nd4 Bd7 13. Bxc6 Bxc6 14. Nc4 Bg7 15. Qe2 O-O {0-1 (44) Pham,J-Radtke,L Chelmza 2009}) 10. Nxf3 Bg7 11. Qd2 O-O 12. Bh6 ({White should try} 12. Rad1 $14) 12... Qc7 (12... Bxh6 $11 13. Qxh6 Qb6) 13. Bxg7 Kxg7 14. Rfe1 Rad8 15. c4 Rd7 16. Rad1 Rfd8 17. Qc3 Ne5 18. Nxe5 (18. Nd4 $11 {keeps the balance.}) 18... dxe5 $17 19. Bc2 ({White should play} 19. Re3) 19... Rxd1 20. Rxd1 Rxd1+ 21. Bxd1 Nxe4 {[%emt 0:00:14][%mdl 4096] Endgame KQB-KQN} 22. Qd3 Nf6 23. b4 Qd6 24. Qb1 (24. Qxd6 $17 {was necessary.} exd6 25. Kf1) 24... Qd4 $19 {[%emt 0:03:42] Threatens to win with ...Ne4.} 25. Qc2 Ne4 {[%emt 0:06:48][%cal Oe4f2] ...Nxf2! is the strong threat.} 26. a3 $2 {[%emt 0:01:02] [#]} (26. Bf3 Nd2 27. Qd1) 26... Nxf2 $1 27. Qxf2 Qxd1+ {[%emt 0:00:09] KQ-KQ} 28. Kh2 Qd4 29. Qf3 Qf4+ 30. Qxf4 $2 {[%emt 0:00:16] [#]} (30. Kg1 Qd4+ 31. Qf2) 30... exf4 {[%emt 0:00:05] KP-KP} 31. g3 f3 32. Kg1 e5 33. Kf2 e4 34. c5 Kf8 35. b5 Ke7 36. a4 Kd7 37. a5 a6 {[%emt 0:00:35] Black mates.} 38. c6+ bxc6 39. b6 c5 40. Ke3 c4 41. Kxe4 f2 42. Kd4 f1=Q 43. b7 Kc7 44. Ke5 Kxb7 45. g4 Kc7 46. g5 Qf5+ 47. Kd4 Kd6 48. h4 Qf4+ 49. Kc3 Kc5 50. h5 Qf3+ 51. Kc2 Kb4 52. hxg6 Qd3+ 53. Kb2 Qd2+ 54. Ka1 Kb3 55. gxh7 Qc1# {[%emt 0:00:04] Weighted Error Value: White=0.99/Black=0.17 (very precise)} 0-1

[Event "GER-ch Youth-U10 2022"]
[Site "Willingen"]
[Date "2022.06.10"]
[Round "9.6"]
[White "Belin, Anton"]
[Black "Gersemann, Karl"]
[Result "0-1"]
[ECO "A15"]
[WhiteElo "1213"]
[BlackElo "1620"]
[Annotator "NA RC COMBH"]
[PlyCount "100"]
[EventDate "2022.06.05"]
[EventType "swiss"]
[EventRounds "11"]
[EventCountry "GER"]
[SourceTitle "playchess.com"]
[Source "ChessBase"]
[SourceQuality "1"]
[TimeControl "40/4500+30:900+30"]

1. c4 Nf6 2. g3 e6 3. Bg2 d5 4. e3 dxc4 5. Qa4+ c6 6. Qxc4 Be7 7. Nc3 Nbd7 8. Nge2 O-O 9. O-O Nb6 10. Qb3 Nbd5 11. d4 Qc7 12. e4 Nxc3 13. Nxc3 e5 14. dxe5 Qxe5 15. Bf4 Qh5 16. f3 Bc5+ 17. Kh1 Bb6 18. g4 Qg6 19. e5 Be6 20. Qa4 Nd5 21. Nxd5 cxd5 22. Rad1 Rac8 23. Rd2 Rc4 24. Qd1 Rxf4 25. Re1 Ba5 26. Bf1 Bxd2 27. Qxd2 Rxf3 28. h3 Qh6 29. Qg2 Re3 30. Rxe3 Qxe3 31. Qh2 d4 32. Qe2 Qxe2 33. Bxe2 Bxa2 34. Kg2 Bb1 35. Kf3 d3 36. Bd1 Bc2 37. Be2 dxe2 38. Kxe2 Re8 39. Kd2 Bg6 40. Kc3 Rxe5 41. Kd4 Rb5 42. Kc3 f5 43. g5 f4 44. h4 f3 45. Kd2 f2 46. Ke2 Rf5 47. Kf1 Rf3 48. b4 Bd3+ 49. Kg2 f1=Q+ 50. Kh2 Rh3# 0-1

[Event "GER-ch Youth-U10 2022"]
[Site "Willingen"]
[Date "2022.06.10"]
[Round "9.7"]
[White "Fadeev, Justin Michael"]
[Black "Rau, Eduard"]
[Result "1/2-1/2"]
[ECO "C56"]
[WhiteElo "1320"]
[BlackElo "1406"]
[Annotator "NA RC COMBH"]
[PlyCount "105"]
[EventDate "2022.06.05"]
[EventType "swiss"]
[EventRounds "11"]
[EventCountry "GER"]
[SourceTitle "playchess.com"]
[Source "ChessBase"]
[SourceQuality "1"]
[TimeControl "40/4500+30:900+30"]

1. e4 e5 2. Nf3 Nc6 3. d4 exd4 4. Bc4 Nf6 5. e5 d5 6. Bb5 Ne4 7. Nxd4 Bd7 8. Bxc6 bxc6 9. O-O Bc5 10. f3 Ng5 11. f4 Ne4 12. Be3 Bb6 13. Nc3 Nxc3 14. bxc3 c5 15. Nb3 c4 16. Nd4 O-O 17. a4 a5 18. Qd2 Qe8 19. Qf2 Bxa4 20. f5 Bd7 21. Qg3 c5 22. Bh6 g6 23. Ne2 Bc7 24. Bxf8 Bxe5 25. Qe3 Bxh2+ 26. Kf2 Qxe3+ 27. Kxe3 Kxf8 28. g3 a4 29. fxg6 hxg6 30. Rh1 Re8+ 31. Kd2 Bxg3 32. Rh8+ Ke7 33. Rxe8+ Bxe8 34. Nxg3 f5 35. Ke3 Kf6 36. Ne2 Ke5 37. Re1 Bc6 38. Rg1 d4+ 39. cxd4+ cxd4+ 40. Kf2 Be4 41. Rd1 Bxc2 42. Rxd4 Bb3 43. Rd8 g5 44. Re8+ Kd6 45. Ra8 Kc5 46. Ra5+ Kb4 47. Rxf5 a3 48. Rxg5 a2 49. Rg1 Ka3 50. Nc3 Kb2 51. Nxa2 Bxa2 52. Ke2 Bb1 53. Rg7 1/2-1/2

[Event "GER-ch Youth-U10 2022"]
[Site "Willingen"]
[Date "2022.06.10"]
[Round "9.8"]
[White "Allen, Phillipp"]
[Black "Bundan, Edward"]
[Result "0-1"]
[ECO "C01"]
[WhiteElo "1467"]
[BlackElo "1240"]
[Annotator "NA RC COMBH"]
[PlyCount "158"]
[EventDate "2022.06.05"]
[EventType "swiss"]
[EventRounds "11"]
[EventCountry "GER"]
[SourceTitle "playchess.com"]
[Source "ChessBase"]
[SourceQuality "1"]
[TimeControl "40/4500+30:900+30"]

1. e4 e6 2. d4 d5 3. exd5 exd5 4. c3 Bd6 5. Bd3 Nf6 6. Bg5 c6 7. Qc2 Nbd7 8. Nf3 O-O 9. O-O h6 10. Bh4 Qc7 11. Nbd2 b6 12. Rfe1 Bb7 13. Bg3 Bxg3 14. hxg3 Rfe8 15. Nf1 c5 16. Ne3 c4 17. Bf5 Nf8 18. Qd2 Ne4 19. Bxe4 Rxe4 20. Ne5 f6 21. Nf3 Rae8 22. Nc2 Ng6 23. Rxe4 Rxe4 24. Re1 Qe7 25. Rxe4 Qxe4 26. Kf1 Bc8 27. Qe2 Bf5 28. Qxe4 Bxe4 29. Ne3 Ne7 30. Ke2 Kf7 31. Nd2 Bh7 32. b3 b5 33. f4 g5 34. Kf3 h5 35. g4 hxg4+ 36. Nxg4 Ke6 37. fxg5 fxg5 38. Ne5 Kf6 39. b4 Bc2 40. Ng4+ Ke6 41. Ne3 Bd3 42. g4 Ng6 43. Ng2 a6 44. Ke3 Ne7 45. Nf3 Kf6 46. Ne5 Be4 47. Nd7+ Kg6 48. Ne1 Nc6 49. Nc5 Bb1 50. a3 Nb8 51. a4 Kf6 52. axb5 axb5 53. Nb7 Na6 54. Nf3 Nc7 55. Ne5 Bc2 56. Kf3 Bd1+ 57. Kg3 Ke6 58. Nc5+ Kf6 59. Ncd7+ Ke7 60. Nb8 Kf6 61. Nf3 Bxf3 62. Kxf3 Kg6 63. Nc6 Kf6 64. Ke2 Ke6 65. Kd2 Kf6 66. Kc2 Kg6 67. Kb2 Kf6 68. Ka2 Kg6 69. Ka3 Kf6 70. Kb2 Kg6 71. Ka2 Kf6 72. Ka3 Kg6 73. Na7 Kf6 74. Nxb5 Nxb5+ 75. Kb2 Ke6 76. Kc2 Kd6 77. Kb2 Kc6 78. Kc2 Nd6 79. Kb2 Ne4 0-1

[Event "GER-ch Youth-U10 2022"]
[Site "Willingen"]
[Date "2022.06.10"]
[Round "9.9"]
[White "Peglau, Paul David"]
[Black "Kutz, Paul Matti"]
[Result "1-0"]
[ECO "A25"]
[WhiteElo "1623"]
[BlackElo "1202"]
[Annotator "NA RC COMBH"]
[PlyCount "119"]
[EventDate "2022.06.05"]
[EventType "swiss"]
[EventRounds "11"]
[EventCountry "GER"]
[SourceTitle "playchess.com"]
[Source "ChessBase"]
[SourceQuality "1"]
[TimeControl "40/4500+30:900+30"]

1. c4 e5 2. Nc3 g6 3. g3 Bg7 4. Bg2 d6 5. e3 Nc6 6. Nge2 Nf6 7. O-O Be6 8. d4 Bxc4 9. Qa4 d5 10. dxe5 Nd7 11. Rd1 Nb6 12. Qc2 Bxe5 13. Nf4 Nb4 14. Qd2 O-O 15. Ncxd5 N4xd5 16. Nxd5 Nxd5 17. Bxd5 Bxd5 18. Qxd5 Qxd5 19. Rxd5 Bd6 20. Bd2 Rfe8 21. Bc3 Rad8 22. Rad1 Be7 23. Kg2 c6 24. Rd7 Kf8 25. R1d2 Rb8 26. Be5 Rbd8 27. Kf3 f6 28. Bc3 Rb8 29. Kf4 b5 30. b3 b4 31. Bb2 Rb5 32. Rxa7 Rf5+ 33. Kg4 Bc5 34. Rxh7 Kg8 35. Rhd7 Bb6 36. Kh3 Ra8 37. Bd4 c5 38. Ba1 c4 39. bxc4 b3 40. Rb7 Ba5 41. Re2 Be1 42. Rxb3 Bxf2 43. Kg2 Bxe3 44. Rbxe3 Kg7 45. Bc3 Ra4 46. Re7+ Kh6 47. c5 Rc4 48. Bd2+ g5 49. Be3 Kg6 50. Bf2 Rd5 51. R7e4 Rc1 52. a4 f5 53. Re6+ Kh5 54. c6 Rd3 55. Bb6 f4 56. gxf4 gxf4 57. R2e5+ Kg4 58. Rg6+ Kh4 59. Bd8+ Rxd8 60. Rh6+ 1-0

[Event "GER-ch Youth-U10 2022"]
[Site "Willingen"]
[Date "2022.06.10"]
[Round "9.10"]
[White "Wolf, Noah"]
[Black "Vartanian, Roman"]
[Result "0-1"]
[ECO "B50"]
[WhiteElo "1073"]
[BlackElo "1511"]
[Annotator "NA RC COMBH"]
[PlyCount "60"]
[EventDate "2022.06.05"]
[EventType "swiss"]
[EventRounds "11"]
[EventCountry "GER"]
[SourceTitle "playchess.com"]
[Source "ChessBase"]
[SourceQuality "1"]
[TimeControl "40/4500+30:900+30"]

1. e4 c5 2. Nf3 d6 3. c3 Nf6 4. h3 a6 5. a3 Nbd7 6. Bd3 e6 7. O-O Be7 8. Bc2 Qc7 9. d4 cxd4 10. cxd4 b6 11. Re1 Bb7 12. Qd3 Rd8 13. Bg5 e5 14. Nbd2 O-O 15. Rac1 Qb8 16. Nf1 Rfe8 17. Ng3 exd4 18. e5 Nc5 19. Qxd4 dxe5 20. Qxe5 Bd6 21. Qf5 Bc8 22. Rxe8+ Rxe8 23. Rd1 Bxf5 24. Nxf5 Be5 25. Nxe5 Qxe5 26. Bxf6 Qxf6 27. Rd6 Qxb2 28. Bd1 g6 29. Ne3 Ne4 30. Rd3 Qxf2+ 0-1

[Event "GER-ch Youth-U10 2022"]
[Site "Willingen"]
[Date "2022.06.10"]
[Round "9.11"]
[White "Zimmer, Tim"]
[Black "Sheng, Ming"]
[Result "0-1"]
[ECO "B45"]
[WhiteElo "1164"]
[BlackElo "1258"]
[Annotator "NA RC COMBH"]
[PlyCount "52"]
[EventDate "2022.06.05"]
[EventType "swiss"]
[EventRounds "11"]
[EventCountry "GER"]
[SourceTitle "playchess.com"]
[Source "ChessBase"]
[SourceQuality "1"]
[TimeControl "40/4500+30:900+30"]

1. e4 c5 2. Nf3 Nc6 3. d4 cxd4 4. Nxd4 Nf6 5. Nc3 e6 6. Bb5 Bb4 7. f3 Qa5 8. Bxc6 Bxc3+ 9. bxc3 Qxc3+ 10. Bd2 Qxd4 11. Bb5 a6 12. Bd3 d5 13. Rb1 dxe4 14. Rb4 Qe5 15. fxe4 Nd5 16. Rc4 O-O 17. O-O b5 18. Rxc8 Raxc8 19. exd5 Qxd5 20. Kh1 e5 21. Qg4 g6 22. Bb4 Rfe8 23. Bf5 Rc4 24. Qg3 Rxb4 25. h4 Rf4 26. Rxf4 exf4 0-1

[Event "GER-ch Youth-U10 2022"]
[Site "Willingen"]
[Date "2022.06.10"]
[Round "9.12"]
[White "Lee, Ho In"]
[Black "Van 't Hof, Eric"]
[Result "1-0"]
[ECO "C59"]
[WhiteElo "1396"]
[BlackElo "2081"]
[Annotator "TA"]
[PlyCount "101"]
[EventDate "2022.06.05"]
[EventType "swiss"]
[EventRounds "11"]
[EventCountry "GER"]
[SourceTitle "playchess.com"]
[Source "ChessBase"]
[SourceQuality "1"]
[TimeControl "40/4500+30:900+30"]

1. e4 e5 2. Nf3 Nc6 3. Bc4 Nf6 4. Ng5 d5 5. exd5 Na5 6. Bb5+ c6 7. dxc6 bxc6 8. Be2 h6 9. Nf3 e4 10. Ne5 Bd6 11. d4 exd3 12. Nxd3 O-O 13. O-O Qc7 14. h3 c5 15. Nc3 {[%emt 0:05:31] [#] C59: Two Knights: 4 Ng5 d5 5 exd5 Na5 5 Bb5+ c6 6 dxc6 bxc6 7 Be2.} Bd7 $146 {[%emt 0:01:12] Prevents Nb5.} (15... Rb8 $5 ) ({Predecessor:} 15... Rb8 16. Re1 Bf5 17. Rb1 c4 18. Be3 cxd3 19. Bxd3 Rfd8 20. Kh1 Bxd3 21. cxd3 Bf4 22. Qa4 Bxe3 23. Rxe3 {0-1 (42) Kabanov,N (2467)-De Silva,L (2085) Chess.com INT 2021}) 16. Ne1 (16. f4 $14) 16... Rad8 $11 17. Bd2 {[%emt 0:03:13] The position is equal.} Rfe8 18. Nb5 (18. Nf3 $5 ) 18... Bxb5 19. Bxb5 Re7 {[%emt 0:01:15] [#] aiming for ...Ne4.} 20. Nf3 Nc6 ({Black should play} 20... Ne4 $1 $15 21. Be3 {[#]} Bh2+ $1 22. Nxh2 Rxd1 23. Rfxd1 Qb7) 21. Re1 $36 {[%emt 0:10:53][%mdl 2048] White fights for an advantage.} Red7 (21... Ne5 $14) 22. Qe2 Re7 23. Qc4 Ne5 24. Nxe5 Rxe5 25. Rxe5 Bxe5 26. Bc3 Bxc3 27. Qxc3 (27. bxc3 $6 Rd2 $14) 27... Ne4 28. Qe3 Nd6 29. Ba4 Nc4 30. Qc3 Nb6 31. Bb5 Nd5 32. Qb3 Qe5 (32... g6 $16 {was necessary.} 33. Re1 Kg7) 33. Bc4 (33. Rd1 $18 {and the rest is easy.}) 33... Nf4 (33... Rb8 $16 34. Qa3 Rb4 35. Bxd5 Qxd5) 34. Qb7 Rf8 35. Rd1 Qf5 36. Bd3 (36. Qxa7 Qxc2 37. Bxf7+ (37. Bb3 $2 Qe4 $19) 37... Kh8 $15) (36. Rd7 $18 {has better winning chances.}) 36... Nxd3 $16 37. Rxd3 {[%emt 0:00:23][%mdl 4096] Endgame KQR-KQR} Re8 (37... Qe6 $142) 38. Rf3 {[%emt 0:03:21] White is more active.} Re1+ 39. Kh2 Qg6 (39... Qe5+ $16 {keeps fighting.} 40. g3 f6) 40. Qc8+ $18 (40. Qxa7 Qd6+ 41. Rg3 (41. g3 Qd5 $16) 41... g6 $16) 40... Kh7 41. Qf5 (41. Qxc5 $18 {is more deadly. b3 is the strong threat.} Qe6 42. c4) 41... Re2 (41... c4 $16 {was called for.}) 42. Qxg6+ ({Don't take} 42. Qxf7 Qxf7 43. Rxf7 Rxc2 $16) ({But not} 42. Qxc5 Rxc2 43. Qd4 (43. Qxa7 Qd6+ 44. g3 f6 $16) 43... Qe6 $16) 42... fxg6 {[%emt 0:00:17] KR-KR} (42... Kxg6 $16 {was worth a try.} 43. Rc3 Re5) 43. Rc3 Rxf2 44. Rxc5 g5 $2 (44... Rf6 45. Rc7 Ra6) 45. Rc7 a5 46. a4 Rf4 47. b3 Rf5 48. c4 Re5 49. Rb7 Rc5 (49... Kg6 50. Rb5 Re3) 50. Rb5 Rc6 51. Rxa5 {[%emt 0:00:08] Weighted Error Value: White=0.24 (precise) /Black=0.44} 1-0

[Event "GER-ch Youth-U10 2022"]
[Site "Willingen"]
[Date "2022.06.10"]
[Round "9.13"]
[White "Stehning, Toni"]
[Black "Teng, David"]
[Result "1-0"]
[ECO "B23"]
[WhiteElo "1097"]
[BlackElo "1423"]
[Annotator "NA RC COMBH"]
[PlyCount "55"]
[EventDate "2022.06.05"]
[EventType "swiss"]
[EventRounds "11"]
[EventCountry "GER"]
[SourceTitle "playchess.com"]
[Source "ChessBase"]
[SourceQuality "1"]
[TimeControl "40/4500+30:900+30"]

1. e4 c5 2. Nc3 e6 3. Nge2 d5 4. exd5 exd5 5. d4 c4 6. g3 Nf6 7. Bg2 Be7 8. Bg5 Be6 9. O-O h6 10. Bxf6 Bxf6 11. Nf4 Nc6 12. Ncxd5 Bxd4 13. Nxe6 fxe6 14. Qh5+ Kf8 15. Nf4 Qf6 16. Ng6+ Kg8 17. Nxh8 Kxh8 18. c3 Bb6 19. Qf3 Qe7 20. Rfe1 Rf8 21. Rxe6 Qc5 22. Qe3 Qf5 23. Qe2 Bxf2+ 24. Kh1 Qf7 25. Bd5 Qf5 26. Bg2 Qf7 27. Rf1 Qf5 28. Re8 1-0

[Event "GER-ch Youth-U10 2022"]
[Site "Willingen"]
[Date "2022.06.10"]
[Round "9.14"]
[White "Junge, Mattheo Gabriel"]
[Black "Rudolph, Simon"]
[Result "1/2-1/2"]
[ECO "B03"]
[WhiteElo "1132"]
[BlackElo "1361"]
[Annotator "NA RC COMBH"]
[PlyCount "158"]
[EventDate "2022.06.05"]
[EventType "swiss"]
[EventRounds "11"]
[EventCountry "GER"]
[SourceTitle "playchess.com"]
[Source "ChessBase"]
[SourceQuality "1"]
[TimeControl "40/4500+30:900+30"]

1. e4 Nf6 2. e5 Nd5 3. d4 d6 4. Bc4 Nb6 5. Bd3 Nc6 6. Nf3 Bg4 7. exd6 exd6 8. c3 Be7 9. O-O Nd5 10. Nbd2 Nf6 11. Qc2 O-O 12. Ng5 g6 13. h3 Bd7 14. Nde4 Nxe4 15. Nxe4 d5 16. Nc5 Bxc5 17. dxc5 d4 18. b4 dxc3 19. Qxc3 Re8 20. Bb2 f6 21. Qxf6 Qxf6 22. Bxf6 Nxb4 23. Bb1 Re6 24. Bg5 Nc6 25. a4 Re5 26. Ba2+ Be6 27. Bf6 Re2 28. Bb1 Bc4 29. Rc1 Ba6 30. Ba2+ Kf8 31. Re1 Rae8 32. Red1 Nb4 33. Bb3 Nd3 34. Bd4 Re1+ 35. Rxe1 Rxe1+ 36. Rxe1 Nxe1 37. f4 Ke7 38. Kf2 Nd3+ 39. Ke3 Nb4 40. g4 Nc6 41. Bc3 b6 42. cxb6 cxb6 43. f5 gxf5 44. gxf5 b5 45. axb5 Bxb5 46. f6+ Kf8 47. Bb2 a5 48. Ba3+ Nb4 49. Kf4 Be8 50. Kg5 Bf7 51. Bc2 Kg8 52. Bf5 Nd5 53. Bb2 a4 54. Kh6 a3 55. Bxh7+ Kf8 56. Bxa3+ Ke8 57. Bb2 Kd7 58. Bg6 Ke6 59. Bxf7+ Kxf7 60. Kg5 Nb6 61. h4 Nd7 62. h5 Nf8 63. Kf5 Nh7 64. Bc3 Nf8 65. Bb4 Nd7 66. Be7 Kg8 67. h6 Kh7 68. Kg5 Ne5 69. Kh5 Nf7 70. Bf8 Nh8 71. Kg5 Nf7+ 72. Kf5 Nd8 73. Bg7 Nf7 74. Ke6 Ng5+ 75. Ke7 Nf7 76. Bf8 Ng5 77. f7 Kg6 78. h7 Nxf7 79. Bh6 Kxh7 1/2-1/2

[Event "GER-ch Youth-U10 2022"]
[Site "Willingen"]
[Date "2022.06.10"]
[Round "9.15"]
[White "Classen, Marnin"]
[Black "Vu, Khoi Nguyen"]
[Result "0-1"]
[ECO "C90"]
[WhiteElo "1168"]
[BlackElo "1627"]
[Annotator "NA RC COMBH"]
[PlyCount "100"]
[EventDate "2022.06.05"]
[EventType "swiss"]
[EventRounds "11"]
[EventCountry "GER"]
[SourceTitle "playchess.com"]
[Source "ChessBase"]
[SourceQuality "1"]
[TimeControl "40/4500+30:900+30"]

1. e4 e5 2. Nf3 Nc6 3. Bb5 a6 4. Ba4 Nf6 5. O-O Be7 6. Re1 b5 7. Bb3 d6 8. c3 Na5 9. Bc2 c5 10. d4 Nc6 11. d5 Nb8 12. Nbd2 O-O 13. Nf1 Nbd7 14. Ng3 Re8 15. Nf5 Nb6 16. b3 Bxf5 17. exf5 Nbxd5 18. Bb2 Nb6 19. Qe2 Qc7 20. Rad1 Rad8 21. Rd2 Bf8 22. Red1 e4 23. Ng5 d5 24. Nh3 h6 25. g3 Qb8 26. Nf4 Qc8 27. f3 e3 28. Rd3 c4 29. Rxe3 Bc5 30. Ng2 Bxe3+ 31. Nxe3 Qc5 32. Kf2 Rd7 33. b4 Qc7 34. Qd2 Rde7 35. Ng2 Na4 36. Ba1 Qb6+ 37. Kf1 Qc6 38. Nf4 Re3 39. Ng2 Rxf3+ 40. Kg1 Qb6+ 41. Kh1 Rf2 42. Qc1 Ree2 43. Rg1 Rxc2 44. Qe1 Rfe2 45. Qd1 Ne4 46. Rf1 Qg1+ 47. Kxg1 Rxg2+ 48. Kh1 Rxh2+ 49. Kg1 Rhg2+ 50. Kh1 Nxg3# 0-1

[Event "GER-ch Youth-U10 2022"]
[Site "Willingen"]
[Date "2022.06.10"]
[Round "9.16"]
[White "Rohatgi, Kushagra"]
[Black "Heitmann, Erik"]
[Result "1-0"]
[ECO "B90"]
[WhiteElo "1222"]
[BlackElo "1287"]
[Annotator "NA RC COMBH"]
[PlyCount "97"]
[EventDate "2022.06.05"]
[EventType "swiss"]
[EventRounds "11"]
[EventCountry "GER"]
[SourceTitle "playchess.com"]
[Source "ChessBase"]
[SourceQuality "1"]
[TimeControl "40/4500+30:900+30"]

1. e4 c5 2. Nf3 d6 3. d4 cxd4 4. Nxd4 Nf6 5. Nc3 a6 6. Be3 e5 7. Nf3 Be7 8. Bc4 O-O 9. O-O b5 10. Bd5 Nxd5 11. Qxd5 Qd7 12. Qxa8 Nc6 13. Nd5 Bb7 14. Nxe7+ Qxe7 15. Qxf8+ Kxf8 16. c3 Na5 17. Nd2 d5 18. b4 Nc4 19. Nxc4 dxc4 20. Bc5 Bxe4 21. Bxe7+ Kxe7 22. Rfe1 f5 23. f3 Bd3 24. Rxe5+ Kf6 25. Ree1 g5 26. Rad1 f4 27. Rxd3 cxd3 28. Rd1 Ke5 29. Rxd3 h5 30. Rd1 h4 31. h3 Kf5 32. Rd6 Ke5 33. Rxa6 Kd5 34. Ra5 Kc6 35. Kf2 Kb6 36. Ke2 Kc6 37. Kd3 Kb6 38. Ke4 g4 39. fxg4 f3 40. Kxf3 Kc6 41. g5 Kd6 42. Rxb5 Kc6 43. Rf5 Kd6 44. Rf4 Ke5 45. g6 Ke6 46. g7 Kd5 47. g8=Q+ Kc6 48. Qg5 Kd7 49. Qg6 1-0

[Event "GER-ch Youth-U10 2022"]
[Site "Willingen"]
[Date "2022.06.10"]
[Round "9.17"]
[White "Chua, Daniel James"]
[Black "Yao, Haiyang"]
[Result "1-0"]
[ECO "C36"]
[WhiteElo "1314"]
[BlackElo "1098"]
[Annotator "NA RC COMBH"]
[PlyCount "63"]
[EventDate "2022.06.05"]
[EventType "swiss"]
[EventRounds "11"]
[EventCountry "GER"]
[SourceTitle "playchess.com"]
[Source "ChessBase"]
[SourceQuality "1"]
[TimeControl "40/4500+30:900+30"]

1. e4 e5 2. f4 d5 3. exd5 exf4 4. Nf3 Nf6 5. Bc4 Bc5 6. d4 Be7 7. O-O O-O 8. Nc3 Bg4 9. Bxf4 Nbd7 10. h3 Bh5 11. g4 Bg6 12. Nb5 c6 13. Nc7 Rc8 14. d6 Nd5 15. dxe7 Nxe7 16. Re1 Nd5 17. Nxd5 cxd5 18. Bxd5 Bxc2 19. Qe2 Qb6 20. Rac1 Ba4 21. Rxc8 Rxc8 22. Qe7 Qg6 23. b3 Bc6 24. Bxc6 Qxc6 25. Rc1 Qxc1+ 26. Bxc1 Rxc1+ 27. Kg2 Nf8 28. Ne5 Rc2+ 29. Kf3 Rc8 30. Qxf7+ Kh8 31. d5 h6 32. d6 1-0

[Event "GER-ch Youth-U10 2022"]
[Site "Willingen"]
[Date "2022.06.10"]
[Round "9.19"]
[White "Fels, Mattis"]
[Black "Lanert, Theodor"]
[Result "0-1"]
[ECO "A43"]
[WhiteElo "1395"]
[BlackElo "1306"]
[Annotator "NA RC COMBH"]
[PlyCount "44"]
[EventDate "2022.06.05"]
[EventType "swiss"]
[EventRounds "11"]
[EventCountry "GER"]
[SourceTitle "playchess.com"]
[Source "ChessBase"]
[SourceQuality "1"]
[TimeControl "40/4500+30:900+30"]

1. d4 Nf6 2. Nc3 c5 3. d5 d6 4. e4 g6 5. Bf4 Bg7 6. Qd2 Qb6 7. Na4 Qc7 8. Nf3 Nxe4 9. Qe3 Qa5+ 10. Nd2 Nxd2 11. Qxd2 Qxa4 12. Qe3 O-O 13. O-O-O Qxa2 14. Bh6 Qxb2+ 15. Kd2 Qd4+ 16. Bd3 Qxe3+ 17. Bxe3 e6 18. dxe6 Bxe6 19. Rb1 c4 20. Be2 c3+ 21. Kd3 d5 22. Rxb7 Bf5# 0-1

[Event "GER-ch Youth-U10 2022"]
[Site "Willingen"]
[Date "2022.06.10"]
[Round "9.20"]
[White "Hagn, Tobias"]
[Black "Menke, Raphael Wilhelm"]
[Result "1/2-1/2"]
[ECO "C47"]
[WhiteElo "1337"]
[BlackElo "1212"]
[Annotator "NA RC COMBH"]
[PlyCount "148"]
[EventDate "2022.06.05"]
[EventType "swiss"]
[EventRounds "11"]
[EventCountry "GER"]
[SourceTitle "playchess.com"]
[Source "ChessBase"]
[SourceQuality "1"]
[TimeControl "40/4500+30:900+30"]

1. e4 e5 2. Nf3 Nc6 3. d4 exd4 4. Nxd4 Nf6 5. Nc3 Bb4 6. Nxc6 bxc6 7. Bd3 d6 8. O-O h6 9. Re1 Bg4 10. f3 Be6 11. Bf4 Qd7 12. Re2 Bxc3 13. bxc3 O-O 14. Qe1 Rfe8 15. Qh4 Nh7 16. e5 Bf5 17. Qg3 Kh8 18. Rae1 d5 19. Bxf5 Qxf5 20. Qg4 Qxg4 21. fxg4 Re6 22. c4 Rb8 23. cxd5 cxd5 24. Rd1 c6 25. Kf2 g5 26. Bg3 Kg7 27. Rd4 Rb2 28. Ra4 Rb7 29. Kf3 Kg6 30. Bf2 f6 31. Rxa7 Rxa7 32. Bxa7 fxe5 33. c4 Nf6 34. h3 Ne4 35. cxd5 cxd5 36. Bb8 Kf6 37. Ke3 Ra6 38. Rb2 Rc6 39. Ba7 Nc3 40. Kd3 Ra6 41. Kxc3 Rxa7 42. Rb6+ Kg7 43. Kb3 Re7 44. Rd6 d4 45. a4 Rc7 46. a5 Rc5 47. a6 Ra5 48. Kc4 Ra1 49. Kd5 Ra5+ 50. Ke4 Ra1 51. Kxe5 d3 52. Rxd3 Rxa6 53. Rd7+ Kh8 54. Rd6 Ra2 55. Rxh6+ Kg7 56. Rh5 Kg6 57. g3 Rg2 58. h4 gxh4 59. Rxh4 Rxg3 60. Kf4 Ra3 61. Rh5 Ra4+ 62. Kg3 Ra3+ 63. Kh4 Ra1 64. Rb5 Rh1+ 65. Kg3 Rg1+ 66. Kf3 Rf1+ 67. Kg2 Rf4 68. Kg3 Rf1 69. Rb6+ Kg5 70. Rb8 Rg1+ 71. Kf3 Rf1+ 72. Kg2 Rf4 73. Kh3 Rf3+ 74. Kg2 Rf4 1/2-1/2

[Event "GER-ch Youth-U10 2022"]
[Site "Willingen"]
[Date "2022.06.10"]
[Round "9.21"]
[White "Wagener, Nicolas"]
[Black "Moskalenko, Michael"]
[Result "0-1"]
[ECO "B01"]
[WhiteElo "1315"]
[BlackElo "1266"]
[Annotator "NA RC COMBH"]
[PlyCount "54"]
[EventDate "2022.06.05"]
[EventType "swiss"]
[EventRounds "11"]
[EventCountry "GER"]
[SourceTitle "playchess.com"]
[Source "ChessBase"]
[SourceQuality "1"]
[TimeControl "40/4500+30:900+30"]

1. e4 d5 2. exd5 Qxd5 3. Nc3 Qa5 4. d4 Nf6 5. Bd2 c6 6. Nf3 Qc7 7. Bc4 Bg4 8. h3 Bh5 9. g4 Bg6 10. Ne5 Nbd7 11. h4 Nxe5 12. dxe5 Qxe5+ 13. Be3 h5 14. g5 Ne4 15. Qe2 Nxc3 16. Qf3 Ne4 17. O-O-O Nd6 18. Bf4 Qe4 19. Qb3 Qxf4+ 20. Kb1 Qxc4 21. Qe3 Bxc2+ 22. Ka1 Bxd1 23. Rxd1 e6 24. g6 f6 25. Rd4 Qf1+ 26. Qe1 Qxe1+ 27. Rd1 Qxd1# 0-1